 Dungeon Crawl Stone Soup version 0.17.1-2-g5865329 (webtiles) character file.

52513 Bubs the Cleaver (level 14, -4/162 HPs)
             Began as a Demonspawn Abyssal Knight on Jan 11, 2016.
             Was the Champion of Lugonu.
             Slain by a catoblepas (6 damage)
             ... led by Polyphemus
             ... on level 3 of the Shoals.
             The game lasted 02:09:46 (27106 turns).

Bubs the Cleaver (Demonspawn Abyssal Knight)       Turns: 27106, Time: 02:09:46

Health: -4/162     AC: 31    Str: 22    XL:     14   Next: 27%
Magic:  0/24       EV:  6    Int: 13    God:    Lugonu [******]
Gold:   1342       SH:  0    Dex: 17    Spells: 2 memorised, 27 levels left

rFire  . . .     SeeInvis .     F - +5 battleaxe "Ysamurch" {chop, -Tele Str+2 Dex+2}
rCold  . . .     Clarity  .     (armour currently unavailable)
rNeg   + + +     SustAt   .     (shield currently unavailable)
rPois  +         Gourm    +     (helmet currently unavailable)
rElec  .         Spirit   +     (cloak currently unavailable)
rCorr  .         Warding  .     (gloves currently unavailable)
rMut   .         NoTele   +     (boots unavailable)
MR     +....                    y - amulet of the gourmand
Stlth  +++.......               z - +4 ring of protection
                                x - +3 ring of slaying

@: tree-form, repel missiles, somewhat resistant to hostile enchantments, fairly
stealthy
A: (antennae 0), (hooves 0), repulsion field 3, agile 1, demonic guardian 1, low
mp 1, spit poison 2, strong 1, augmentation 1, magic shield, magic regeneration
a: Spit Poison, Depart the Abyss, Bend Space, Banish, Corrupt, Enter the Abyss,
Brand Weapon With Distortion, Renounce Religion


You were on level 3 of the Shoals.
You worshipped Lugonu.
Lugonu was exalted by your worship.
You were very full.
You were a tree.
You visited 4 branches of the dungeon, and saw 24 of its levels.
You visited the Abyss 1 time.
You also visited: Sewer.

You collected 1342 gold pieces.

Inventory:

Hand Weapons
 F - the +5 battleaxe "Ysamurch" (weapon) {chop, -Tele Str+2 Dex+2}
   (You found it on level 11 of the Dungeon)

   It inflicts extra damage upon your enemies.
   It affects your strength (+2).
   It affects your dexterity (+2).
   It prevents most forms of teleportation.
 T - a +5 flail of draining
Missiles
 h - 27 tomahawks (quivered)
Armour
 d - a +0 cloak (melded)
 A - a +2 plate armour (melded)
 I - a +2 large shield of reflection
 N - the +1 pair of gloves of the Onion (melded) {rN+ MR+ Int+2}
   (You found it on level 11 of the Dungeon)

   It affects your intelligence (+2).
   It protects you from negative energy.
   It affects your resistance to hostile enchantments.
Jewellery
 b - an uncursed ring of protection from magic
 n - an uncursed ring of poison resistance
 x - a +3 ring of slaying (left branch)
 y - an amulet of the gourmand (around neck)
 z - a +4 ring of protection (right branch)
Wands
 f - a wand of frost (28)
 D - a wand of invisibility (7)
 H - a wand of frost (26)
 W - a wand of paralysis (10)
 Z - a wand of frost (11)
Scrolls
 g - a scroll of fog
 l - 4 scrolls of remove curse
 r - 4 scrolls of recharging
 t - 2 scrolls of brand weapon
 E - a scroll of summoning
 L - 5 scrolls of identify
 M - a scroll of immolation {unknown}
 O - 2 scrolls of amnesia
 P - a scroll of teleportation
 R - 2 scrolls of blinking
 Y - a scroll of magic mapping
Potions
 e - 2 potions of mutation
 i - 2 potions of flight
 k - 3 potions of lignification
 m - 6 potions of brilliance
 o - 6 potions of curing
 p - 3 potions of might
 q - 3 potions of magic
 w - a potion of cancellation {unknown}
 C - a potion of degeneration {unknown}
 K - a potion of agility
 Q - 3 potions of ambrosia
 X - 2 potions of invisibility
Books
 j - a book of Power

   Spells                             Type                      Level
   a - Fulminant Prism                Conjuration/Hexes            4
   b - Iskenderun's Mystic Blast      Conjuration                  4
   c - Venom Bolt                     Conjuration/Poison           5
   d - Bolt of Magma                  Conjuration/Fire/Earth       5
   e - Iron Shot                      Conjuration/Earth            6
   f - Orb of Destruction             Conjuration                  7
   g - Spellforged Servitor           Conjuration/Summoning        7
 s - a Young Poisoner's Handbook

   Spells                             Type                      Level
   a - Sting                          Conjuration/Poison           1
   b - Cure Poison                    Poison                       2
   c - Mephitic Cloud                 Conjuration/Poison/Air       3
   d - Olgreb's Toxic Radiance        Poison                       4
   e - Venom Bolt                     Conjuration/Poison           5
 B - a book of Geomancy

   Spells                             Type                      Level
   a - Sandblast                      Earth                        1
   b - Stoneskin                      Transmutation/Earth          2
   c - Passwall                       Transmutation/Earth          3
   d - Stone Arrow                    Conjuration/Earth            3
   e - Petrify                        Transmutation/Earth          4
   f - Lee's Rapid Deconstruction     Earth                        5
 V - a book of Changes

   Spells                             Type                      Level
   a - Beastly Appendage              Transmutation                1
   b - Sticks to Snakes               Transmutation                2
   c - Spider Form                    Transmutation/Poison         3
   d - Ice Form                       Ice/Transmutation            4
   e - Blade Hands                    Transmutation                5
Miscellaneous
 a - a crystal ball of energy
Comestibles
 c - 12 bread rations
 u - 6 meat rations
 v - 2 beef jerkies
 G - 2 royal jellies
 J - 3 fruits


   Skills:
 + Level 9.4 Fighting
   Level 7.8 Long Blades
 * Level 10.9 Axes
 - Level 1.3(7.1) Maces & Flails
 + Level 2.0 Throwing
 + Level 9.2 Armour
 + Level 4.1 Dodging
 + Level 2.1 Stealth
 + Level 4.6 Shields
 * Level 8.8 Spellcasting
 + Level 1.3 Conjurations
 * Level 9.6 Poison Magic
 + Level 6.8 Invocations


You had 27 spell levels left.
You knew the following spells:

 Your Spells              Type           Power        Failure   Level  Hunger
a - Sting                 Conj/Pois      ###.         1%          1    None
b - Cure Poison           Pois           ####......   1%          2    None


Dungeon Overview and Level Annotations

Branches:
Dungeon (12/15)            Temple (0/1) D:6            Lair (6/8) D:9
 Shoals (3/4) Lair:3       Spider (0/4) Lair:5          Orc (3/4) D:12
  Slime: Lair:6-8       Elf: Orc:3-4

Altars:
Ashenzari
Cheibriados
Elyvilon
Fedhas
Kikubaaqudgha
Makhleb
Nemelex Xobeh
Okawaru
Ru
Sif Muna
Trog
Xom
Yredelemnul
Zin
The Shining One

Shops:
D:6 (   D:9 (   D:12 *

Annotations:
D:8 Maurice
D:10 Snorg
Orc:3 Maud
Abyss:1 Eustachio, Harold, Joseph, Pikel, Polyphemus, Sigmund


Innate Abilities, Weirdness & Mutations

((You have hooves in place of feet.))
You are surrounded by a strong repulsion field (EV +4, rMsl).
A weak demonic guardian rushes to your aid.
Your magical and physical power is slightly enhanced at high health.
When hurt, damage is shared between your health and your magic reserves.
You regenerate magic rapidly.
((You have a pair of small antennae on your head.))
You are agile. (Dex +2)
Your magical capacity is low (-10% MP).
You can spit poison.
Your muscles are strong. (Str +2)


Message History

The death yak gores you.
* * * LOW HITPOINT WARNING * * *
The catoblepas gores you but does no damage.
Your crimson imp hits the death yak but does no damage.
You turn to flesh and can move again.
Drink which item? (? for menu, Esc to quit)
You turn into a tree.
Your +0 cloak melds into your body.
The +1 pair of gloves of the Onion {rN+ MR+ Int+2} melds into your body.
Your +2 plate armour melds into your body.
Your roots penetrate the ground.
The death yak gores you but does no damage. x2
The catoblepas gores you but does no damage.
Your crimson imp barely misses the death yak.
Drink which item? (? for menu, Esc to quit)
You feel better.
The death yak gores you but does no damage.
The death yak gores you!
* * * LOW HITPOINT WARNING * * *
The catoblepas gores you.
You die...

≈≈≈≈≈≈≈≈≈≈≈≈≈≈≈≈≈
≈≈≈≈≈≈≈≈≈≈≈≈≈≈≈≈≈≈≈≈≈≈≈≈P
≈≈≈≈≈≈≈≈≈≈≈≈≈≈≈≈≈≈≈≈≈≈≈≈.
≈≈≈≈≈≈≈≈≈..≈≈≈≈≈≈≈≈≈≈≈≈≈≈
≈≈≈≈≈≈≈≈..≈≈≈≈≈≈≈≈≈≈≈PP≈.
≈≈≈≈≈≈≈≈...≈≈≈≈≈≈§§§≈≈...
≈≈≈≈≈≈≈....≈≈≈.5§5≈§≈≈≈≈P
≈≈.≈≈≈≈≈........§Y§§≈≈≈P≈
≈≈..≈≈.....(..§§♣Y§§..P.P
≈≈≈≈≈≈.##....##§§Y...≈...
≈≈≈≈...##...######§..≈.##
≈≈≈≈.......## ## #..≈...
≈≈≈≈≈......###.## #..≈≈..
≈≈≈≈≈≈..........#.>..≈≈≈≈
≈≈≈≈≈≈..≈≈.........≈≈≈≈≈.
≈≈≈≈≈...≈.........≈≈≈≈≈.P≈
≈≈≈≈.....≈.≈..# #..≈ ≈≈≈


You could see 2 death yaks, a catoblepas, a friendly crimson imp and a friendly
white imp.

Vanquished Creatures
  Erolcha (D:10)
  Erica (Lair:2)
  A centaur warrior (D:11)
  A death yak (D:9)
  A queen ant (Lair:6)
  Urug (Lair:1)
  An unseen horror (D:12)
  3 sea snakes
  2 hill giants (D:10)
  6 griffons
  4 cyclopes
  4 manticores
  3 fauns (Shoals:1)
  2 ugly things (D:12)
  An orc sorcerer (Orc:2)
  A water nymph (Shoals:1)
  3 black mambas
  A centaur zombie (D:12)
  3 sirens
  4 torpor snails (Lair:3)
  2 fire drakes
  7 spiny frogs
  A spriggan druid (Lair:5)
  3 trolls
  2 komodo dragons
  2 polar bears (Lair:5)
  10 blink frogs
  7 merfolk
  A wind drake (Shoals:3)
  3 deep elf magi (D:11)
  4 slime creatures
  A trapdoor spider zombie (D:10)
  A wyvern (D:12)
  5 snapping turtles
  2 wraiths
  A basilisk (Lair:5)
  17 yaks
  10 hippogriffs
  4 wolves
  3 wargs
  8 soldier ants (Lair:6)
  10 water moccasins
  Duvessa (D:5)
  3 sky beasts
  21 orc warriors
  5 ice beasts
  2 phantoms
  2 wasps
  2 black bears
  5 porcupines
  A necrophage (D:6)
  5 ogres
  6 centaurs
  16 giant frogs
  6 big kobolds
  The ghost of Britaniac the Cudgeler, an amateur GrFi (D:3)
  11 crocodiles
  Blork the orc (D:5)
  2 wyvern zombies
  2 gnoll sergeants
  Dowan (D:5)
  3 killer bees (D:11)
  5 scorpions
  4 wights (D:8)
  2 quasits
  8 crimson imps
  2 giant frog zombies
  21 orc wizards
  2 jellies
  4 giant frog skeletons
  13 orc priests
  Ijyb (D:2)
  3 centaur skeletons
  An iron imp (D:5)
  5 hounds
  5 iguanas
  13 sheep
  27 worker ants
  2 hound skeletons (D:7)
  21 gnolls
  3 worker ant zombies
  19 adders
  34 river rats
  5 shadow imps
  11 oozes (Sewer)
  2 adder skeletons
  2 worms (D:2)
  15 giant geckos
  94 orcs
  16 giant cockroaches
  6 goblins
  10 hobgoblins
  8 quokkas
  11 ball pythons (Sewer)
  8 bats
  2 giant gecko skeletons (D:4)
  14 giant newts
  2 goblin skeletons (D:5)
  A goblin zombie (D:5)
  3 hobgoblin zombies (D:5)
  37 kobolds
  An orc zombie (D:5)
  3 quokka skeletons
  2 quokka zombies
  7 rats
  A fungus (Lair:6)
  A plant (Shoals:2)
701 creatures vanquished.

Vanquished Creatures (collateral kills)
  A komodo dragon (Lair:3)
  A two-headed ogre (D:12)
  4 yaks
  A wyvern (D:11)
  2 deep elf fighters (D:11)
  Menkaure (D:5)
  A hippogriff (Lair:1)
  The ghost of DEFE the Skirmisher, an amateur DEFi (D:4)
  A water moccasin (D:9)
  A centaur (D:6)
  An orc warrior (D:11)
  An ogre (D:4)
  2 giant frogs
  A scorpion (D:7)
  A crimson imp (D:11)
  2 orc priests
  A centaur skeleton (D:7)
  A giant frog zombie (D:9)
  A giant frog skeleton (D:12)
  A worker ant (Lair:6)
  7 orcs
  2 kobolds
  A hobgoblin zombie (D:5)
36 creatures vanquished.

Vanquished Creatures (others)
  2 centaur warriors (D:11)
  3 hill giants
  The ghost of DEFE the Slicer, a novice DEFi of Ashenzari (D:9)
  An orc knight (D:11)
  An elephant (D:9)
  A troll (D:11)
  An orc priest (D:6)
  An adder (D:4)
  2 orcs (D:7)
  A giant cockroach (Sewer)
  3 fungi
17 creatures vanquished.

Grand Total: 754 creatures vanquished

Notes
Turn   | Place    | Note
--------------------------------------------------------------
     0 | Abyss:1  | Bubs the Demonspawn Abyssal Knight began the quest for the Orb.
     0 | Abyss:1  | Reached XP level 1. HP: 18/18 MP: 2/2
    31 | Abyss:1  | Found a corrupted altar of Lugonu.
    49 | Abyss:1  | Noticed a neqoxec
    54 | D:1      | Escaped the Abyss
    93 | D:1      | Reached skill level 1 in Dodging
   416 | D:1      | Reached * piety under Lugonu
   444 | D:1      | Gained mutation: When hurt, damage is shared between your health and your magic reserves. [demonic ancestry]
   444 | D:1      | Reached XP level 2. HP: 10/24 MP: 3/3
  1221 | D:2      | Gained mutation: A weak demonic guardian rushes to your aid. [demonic ancestry]
  1221 | D:2      | Reached XP level 3. HP: 26/29 MP: 5/5
  1785 | D:2      | Reached ** piety under Lugonu
  1881 | D:2      | Noticed Ijyb
  1901 | D:2      | Killed Ijyb
  1901 | D:2      | Reached XP level 4. HP: 22/37 MP: 3/6
  2060 | D:2      | Found a blossoming altar of Fedhas.
  2412 | D:3      | Noticed Sigmund
  2472 | D:4      | Gained mutation: You have large cloven feet. [demonic ancestry]
  2472 | D:4      | Reached XP level 5. HP: 21/42 MP: 7/7
  2685 | D:4      | Reached skill level 4 in Fighting
  2737 | D:4      | Gained mutation: You have hoof-like feet. [demonic ancestry]
  2737 | D:4      | Reached XP level 6. HP: 41/48 MP: 2/8
  2838 | D:4      | Noticed an ogre
  2849 | D:4      | Noticed DEFE's ghost (amateur DEFi)
  2854 | D:4      | Killed an ogre
  2869 | D:4      | Killed DEFE's ghost
  2869 | D:4      | Reached *** piety under Lugonu
  3081 | D:3      | Noticed Britaniac's ghost (amateur GrFi)
  3117 | D:3      | Found a sparkling altar of Nemelex Xobeh.
  3511 | D:3      | Banished Sigmund
  3511 | D:3      | Gained mutation: You regenerate magic rapidly. [demonic ancestry]
  3511 | D:3      | Reached XP level 7. HP: 50/55 MP: 4/9
  3795 | D:3      | Killed Britaniac's ghost
  4086 | D:4      | Learned a level 1 spell: Sting
  4235 | D:4      | Found a bloodstained altar of Trog.
  4334 | D:4      | Reached skill level 1 in Spellcasting
  4402 | D:5      | Entered Level 5 of the Dungeon
  4402 | D:5      | Noticed Blork the orc
  4553 | D:5      | Found a glowing golden altar of the Shining One.
  4602 | D:5      | Noticed Duvessa
  4603 | D:5      | Noticed Dowan
  4613 | D:5      | Killed Duvessa
  4613 | D:5      | Reached skill level 1 in Poison Magic
  4626 | D:5      | Killed Dowan
  4646 | D:5      | Found a basalt altar of Yredelemnul.
  4670 | D:5      | Killed Blork the orc
  4849 | D:5      | Found an ancient bone altar of Kikubaaqudgha.
  4849 | D:5      | Found a sacrificial altar of Ru.
  4856 | D:5      | Found a glowing silver altar of Zin.
  4933 | D:5      | Noticed Eustachio
  4935 | D:5      | Banished Eustachio
  4935 | D:5      | Reached skill level 1 in Conjurations
  4935 | D:5      | Gained mutation: You are surrounded by a mild repulsion field (EV +2). [demonic ancestry]
  4935 | D:5      | Reached XP level 8. HP: 61/61 MP: 10/10
  4996 | D:5      | Noticed Menkaure
  5003 | D:5      | Killed Menkaure
  5003 | D:5      | Reached skill level 1 in Axes
  5097 | D:5      | Reached skill level 5 in Fighting
  5238 | D:6      | Gained mutation: Your magical capacity is low (-10% MP). [mutagenic meat]
  5248 | D:6      | Gained mutation: Your muscles are strong. (Str +2) [mutagenic meat]
  5249 | D:6      | Gained mutation: You have a pair of small antennae on your head. [mutagenic meat]
  5250 | D:6      | Gained mutation: You expend magic power (3 MP) to strengthen your wands. [mutagenic meat]
  5252 | D:6      | Gained mutation: You can spit weak poison. [mutagenic meat]
  5542 | D:6      | Found an iron altar of Okawaru.
  5587 | D:6      | Found a burning altar of Makhleb.
  5657 | D:6      | Reached skill level 5 in Armour
  5758 | D:6      | Found Xihat's Antique Weapon Emporium.
  5808 | D:6      | Found a glowing drain.
  5823 | Sewer    | Entered a sewer
  5949 | Sewer    | Reached **** piety under Lugonu
  6157 | Sewer    | Reached skill level 1 in Shields
  6519 | D:6      | Gained mutation: You have hooves in place of feet. [demonic ancestry]
  6519 | D:6      | Reached XP level 9. HP: 35/69 MP: 6/12
  6877 | D:6      | Found a staircase to the Ecumenical Temple.
  7072 | D:6      | Reached skill level 1 in Throwing
  7400 | D:7      | Found a deep blue altar of Sif Muna.
  7593 | D:7      | Found a shattered altar of Ashenzari.
  7709 | D:7      | Noticed Joseph
  7710 | D:7      | Banished Joseph
  8012 | D:7      | Found a glowing golden altar of the Shining One.
  8042 | D:7      | Found a shimmering altar of Xom.
  8159 | D:7      | Reached skill level 6 in Armour
  8487 | D:8      | Reached ***** piety under Lugonu
  8660 | D:8      | Found a white marble altar of Elyvilon.
  8709 | D:8      | Reached skill level 5 in Axes
  8709 | D:8      | Reached XP level 10. HP: 60/76 MP: 14/14
  8847 | D:8      | Found a white marble altar of Elyvilon.
  8889 | D:8      | Noticed Pikel
  8893 | D:8      | Banished Pikel
  8985 | D:8      | Noticed Maurice
 10106 | D:9      | Noticed an elephant
 10107 | D:9      | Noticed a death yak
 10108 | D:9      | Banished an elephant
 10160 | D:10     | Entered Level 10 of the Dungeon
 10311 | D:10     | Reached skill level 1 in Stealth
 10311 | D:10     | Reached skill level 5 in Poison Magic
 10320 | D:10     | Noticed Erolcha
 10551 | D:9      | Gained mutation: You can spit poison. [mutagenic meat]
 10552 | D:9      | Gained mutation: You are agile. (Dex +2) [mutagenic meat]
 10553 | D:9      | Lost mutation: You expend magic power (3 MP) to strengthen your wands. [mutagenic meat]
 10684 | D:9      | Reached skill level 5 in Long Blades
 10859 | D:9      | Found a staircase to the Lair.
 10866 | D:9      | Found Satur's Antique Weapon Emporium.
 10888 | D:9      | Noticed DEFE's ghost (novice DEFi)
 11206 | D:9      | Killed a death yak
 11206 | D:9      | Reached skill level 5 in Invocations
 11327 | D:9      | Banished DEFE's ghost
 11517 | D:9      | Reached skill level 5 in Spellcasting
 11832 | Lair:1   | Entered Level 1 of the Lair of Beasts
 12016 | Lair:1   | Reached XP level 11. HP: 74/83 MP: 16/16
 12456 | Lair:1   | Noticed a seven-headed hydra
 12657 | D:10     | Noticed a hill giant
 12696 | D:10     | Banished a hill giant
 13294 | D:11     | Reached skill level 7 in Fighting
 14095 | D:11     | Learned a level 1 spell: Sting
 14175 | D:11     | HP: 4/84 [poisoned by a killer bee]
 14181 | D:11     | HP: 3/84 [poisoned by a killer bee]
 14189 | D:11     | HP: 3/84 [poisoned by a killer bee]
 14435 | D:11     | HP: 2/84 [cyclops/large rock (22)]
 15325 | D:10     | Noticed Snorg
 15326 | D:10     | Noticed a hill giant
 16101 | D:11     | Noticed a centaur warrior
 16101 | D:11     | Noticed a centaur warrior
 16126 | D:11     | Banished a centaur warrior
 16133 | D:11     | Banished a centaur warrior
 16338 | D:11     | Noticed a centaur warrior
 16350 | D:11     | Killed a centaur warrior
 16350 | D:11     | Reached skill level 1 in Maces & Flails
 16531 | D:11     | Found an iron altar of Okawaru.
 16670 | D:11     | Got an ebony war axe
 16674 | D:11     | Got an ancient battleaxe
 16684 | D:11     | Identified the +5 battleaxe "Ysamurch" {chop, -Tele Str+2 Dex+2} (You found it on level 11 of the Dungeon)
 16720 | D:11     | Got a pair of dazzling gloves
 16734 | D:11     | Identified the +1 pair of gloves of the Onion {rN+ MR+ Int+2} (You found it on level 11 of the Dungeon)
 16818 | D:11     | Noticed a hill giant
 16822 | D:11     | Banished a hill giant
 16900 | D:11     | Noticed a hill giant
 16902 | D:11     | Banished a hill giant
 16907 | D:11     | Gained mutation: You are surrounded by a moderate repulsion field (EV +3). [demonic ancestry]
 16907 | D:11     | Reached XP level 12. HP: 57/92 MP: 8/19
 17365 | D:12     | Found Huleyriz's Assorted Antiques.
 17865 | D:12     | Found a staircase to the Orcish Mines.
 17923 | D:12     | Reached skill level 8 in Fighting
 18736 | D:12     | Identified the cursed +2 war axe of Calamity {flame, rF+ rC+ Str-4} (You found it on level 11 of the Dungeon)
 18913 | Orc:1    | Entered Level 1 of the Orcish Mines
 19558 | Orc:3    | Noticed Maud
 19817 | D:10     | Killed a hill giant
 19893 | D:10     | Reached ****** piety under Lugonu
 19958 | D:10     | Noticed Harold
 19963 | D:10     | Banished Harold
 20017 | D:10     | Killed Erolcha
 20156 | D:10     | Noticed a hill giant
 20168 | D:10     | Killed a hill giant
 20528 | Lair:1   | Noticed Urug
 20533 | Lair:1   | Killed Urug
 20673 | Lair:1   | Noticed a black mamba
 20680 | Lair:1   | Killed a black mamba
 20866 | Lair:2   | Gained mutation: You are surrounded by a strong repulsion field (EV +4, rMsl). [demonic ancestry]
 20866 | Lair:2   | Reached XP level 13. HP: 96/99 MP: 21/21
 20927 | Lair:2   | Noticed Erica
 20940 | Lair:2   | Killed Erica
 21192 | Lair:2   | Learned a level 2 spell: Cure Poison
 21413 | Lair:3   | Found a staircase to the Shoals.
 21829 | Lair:3   | Found a snail-covered altar of Cheibriados.
 22308 | Lair:4   | Reached skill level 9 in Axes
 23186 | Lair:5   | Found a hole to the Spider Nest.
 23902 | Lair:6   | Reached skill level 10 in Axes
 25028 | Shoals:1 | Entered Level 1 of the Shoals
 25641 | Shoals:1 | Gained mutation: Your magical and physical power is slightly enhanced at high health. [demonic ancestry]
 25641 | Shoals:1 | Reached XP level 14. HP: 91/108 MP: 20/23
 27068 | Shoals:3 | Noticed Polyphemus
 27072 | Shoals:3 | Banished Polyphemus
 27102 | Shoals:3 | HP: 5/108 [death yak[Polyphemus] (3)]
 27106 | Shoals:3 | HP: 2/162 [death yak[Polyphemus] (12)]
 27106 | Shoals:3 | Slain by a catoblepas

Action                   |  1- 3 |  4- 6 |  7- 9 | 10-12 | 13-15 || total
-------------------------+-------+-------+-------+-------+-------++-------
Melee: Falchion          |   149 |   212 |   168 |       |       ||   529
       Hand axe          |       |       |   593 |       |       ||   593
       Great sword       |       |       |    27 |   516 |       ||   543
       Flail             |       |       |       |   227 |       ||   227
       Battleaxe         |       |       |       |   323 |   529 ||   852
Throw: Tomahawk          |       |     7 |     9 |     8 |    41 ||    65
 Cast: Cure Poison       |       |       |       |       |     8 ||     8
       Sting             |       |       |       |       |     2 ||     2
Invok: Depart the Abyss  |     1 |       |       |       |       ||     1
       Banish            |       |     1 |     8 |    25 |     3 ||    37
       Bend Space        |       |       |     1 |       |       ||     1
  Use: Scroll            |     3 |       |     8 |    14 |    15 ||    40
       Potion            |       |     1 |       |     2 |    12 ||    15
 Stab: Distracted        |       |       |       |     2 |     7 ||     9
  Eat: Meat ration       |     1 |     1 |       |       |       ||     2
       Beef jerky        |       |     1 |       |       |       ||     1
       Royal jelly       |       |     1 |       |       |       ||     1
       Chunk             |       |       |    30 |    54 |    20 ||   104
       Pizza             |       |       |       |       |     1 ||     1
